Umenahisha, neutral female human Wizard ----------- |..........## -------------- |.........| # -------------- |.*...|...<...#########|.........| ###.............| ----------- |............| #|..........####|............| #####-.........| |............-# #|.........| #.............| |.........| --------------# #--.-------- |............| #..........| # ############ --------|----- #|.........| # ### # # #|.........| # # ### # #|.........| # ### # ## #----------- # # ##*-------|- ### # # #...*....| # #------|------ |.......| # #->..........| |.......| # |...........| |........######### ---------# |...........| --------- # |..*&@..f# |...........| ##.....&..| ------------- --------- Umenahisha the Evoker Experience level: 2 Strength: 10 Dexterity: 13 Constitution: 15 Intelligence: 18 Wisdom: 10 Charisma: 9 Health: 0(17) Energy: 15(18) Def: 1 Gold: 673 Moves: 1206 Dungeon seed: c_KLkPwTtDmVY0u8 Game ID: Umenahisha_1485833657 Your Inventory: Coins $ - 673 gold pieces Weapons a - a blessed +1 quarterstaff s - a +1 orcish dagger (weapon in hand) Armor e - an uncursed +0 cloak of magic resistance (being worn) Scrolls i - an uncursed scroll of enchant weapon j - a blessed scroll of light k - an uncursed scroll of enchant armor o - an uncursed scroll of confuse monster Spellbooks l - a blessed spellbook of force bolt m - an uncursed spellbook of sleep p - an uncursed spellbook of extra healing Potions f - an uncursed potion of booze g - an uncursed potion of restore ability h - an uncursed potion of sickness r - 2 uncursed potions of gain energy Rings c - an uncursed ring of protection from shape changers d - an uncursed ring of shock resistance t - an uncursed -1 ring of adornment Wands b - a wand of light (0:11) n - a wand of undead turning (0:6) Gems q - an uncursed jade stone Spells and supernatural/magical abilities: Name Level Category Fail Memory a - force bolt 1 attack 0% 94% x - extra healing 3 healing 91% 98% z - sleep 1 enchantment 0% 94% W - pray for help -- divine ? -- Your skills at the end: Fighting Skills Weapon Skills quarterstaff [Basic] Spellcasting Skills attack spells [Basic] enchantment spells [Basic] Final Attributes: You were aligned. You were poison resistant. You were magic-protected. You are dead. Vanquished creatures: a red mold a gecko 3 jackals 2 goblins 5 grid bugs 3 lichens 15 creatures vanquished. Voluntary challenges: You were an atheist. You used a wielded weapon 13 times, starting on turn 3. You read items or engraved 12 times, starting on turn 242. You never genocided any monsters. You never polymorphed an object. You never changed form. You used no wishes. You never split a pudding. You never wrote Elbereth's name. You never violated your personal moral code. Dungeon overview: The Dungeons of Doom: levels 1 to 4 Level 1 a long staircase Level 2 an altar to Ptah, a fountain Level 3 Level 4 <- You were here a fountain History has recorded: On T:1 you entered the Dungeons of Doom to retrieve the Amulet of Yendor! On T:342 you reached level 2 of The Dungeons of Doom. On T:699 you reached level 3 of The Dungeons of Doom. On T:856 you advanced to experience level 2. On T:882 you reached level 4 of The Dungeons of Doom. Score breakdown: Gold: 673 ( 9622 points) Experience: 2 levels ( 5570 points) Exploration: 4 levels ( 8.33%) ( 7579 points) Discoveries: 2 items ( 0.70%) ( 2504 points) Valuables value: (no points given unless you survive) Artifact value: 0 ( 0 points) Variety of kills: 6 monsters ( 1.57%) ( 3764 points) Turncount: 1206 turns ( 0 points) Survival: died (score multiplied by 80%) Total score: 23231 Latest messages: You finish searching. Where do you want to travel to? You displace Honda. You are beginning to feel hungry. You stop travelling. You displace Honda. The water is foul! You gag and vomit. You're done throwing up. You don't have anything to eat. There is nothing here to pick up. You unleash a water demon! The water demon hits! (2x) The water demon bites! You miss the water demon. The water demon hits! (2x) The water demon bites! You miss the water demon. The water demon hits! (2x) The water demon bites! You miss the water demon. The water demon hits! (2x) You die... Final status: Goodbye Umenahisha the Wizard, killed by a water demon... You died in The Dungeons of Doom on dungeon level 4 with 23231 points, and 673 pieces of gold, after 1206 moves. You were level 2 with a maximum of 17 hit points when you died.